 Dungeon Crawl Stone Soup version 0.29-a0-923-g6e406bff71 (webtiles) character file.

Game seed: 14979575981186198940

639 Newt the Insei (level 7, -4/44 HPs)
             Began as an Octopode Transmuter on July 27, 2022.
             Was an Initiate of Hepliaklqana.
             Slain by Edmund
             ... wielding a +2 flail of protection
              (11 damage)
             ... on level 5 of the Dungeon.
             The game lasted 00:05:58 (2780 turns).

Newt the Insei (Octopode Transmuter)                Turns: 2780, Time: 00:05:58

Health: -4/44      AC:  1    Str: 11    XL:     7   Next: 51%
Magic:  11/11      EV: 14    Int: 15    God:    Hepliaklqana [......]
Gold:   165        SH:  0    Dex: 13    Spells: 9/12 levels left

rFire   + . .      SeeInvis .   p - +4 mace "Wieh" {vorpal, rF+}
rCold   . . .      Faith    .   (no shield)
rNeg    . . .      Spirit   .   (helmet currently unavailable)
rPois   .          Reflect  .   d - amulet of magic regeneration
rElec   .          Harm     .   (no ring)
rCorr   .          Rampage  .   (no ring)
Will    .....                   (no ring)
Stlth   +++.......              (no ring)
HPRegen 0.14/turn               (no ring)
MPRegen 0.52/turn               (no ring)
                                (no ring)
                                (no ring)

@: appendages
A: tentacle spike 3, almost no armour, amphibious, 8 rings, camouflage 1,
gelatinous body 1, (nimble swimmer 1), tentacles
a: End Transformation, Renounce Religion


You were on level 5 of the Dungeon.
You worshipped Hepliaklqana.
Hepliaklqana was noncommittal.
One of your tentacles had grown a beastly spike.
You visited 2 branches of the dungeon, and saw 5 of its levels.

You collected 165 gold pieces.

Inventory:

Hand Weapons
 f - a +0 scythe
 p - the +4 mace "Wieh" (weapon) {vorpal, rF+}
   (You found it on level 4 of the Dungeon)

   It inflicts extra damage upon your enemies.
   rF:        It protects you from fire.
Armour
 b - a +0 cloak
Jewellery
 d - an amulet of magic regeneration (around mantle)
 l - an amulet of guardian spirit
Scrolls
 c - 2 scrolls of identify
 h - a scroll of immolation {unknown}
 j - a scroll of blinking {unknown}
 k - a scroll of noise {unknown}
 m - a scroll of teleportation {unknown}
 o - a scroll of fog {unknown}
Potions
 a - a potion of lignification
 e - a potion of might
 i - a potion of ambrosia
 n - a potion of invisibility {unknown}


   Skills:
 + Level 1.9 Fighting
 * Level 1.6 Maces & Flails
 + Level 3.4 Dodging
 + Level 4.0 Stealth
 + Level 5.7 Unarmed Combat
 + Level 3.1 Spellcasting
 + Level 2.9 Transmutations


You had 9 spell levels left.
You knew the following spells:

 Your Spells              Type           Power      Damage    Failure   Level
a - Beastly Appendage     Tmut           22%        N/A       6%          1
b - Wereblood             Tmut           11%        N/A       9%          2

Your spell library contained the following spells:

 Spells                   Type           Power      Damage    Failure   Level
 Spider Form              Tmut/Pois      6%         N/A       32%         3
 Gell's Gravitas          Tloc           2%         N/A       52%         3
 Lesser Beckoning         Tloc           2%         N/A       52%         3
 Teleport Other           Tloc           2%         N/A       52%         3
 Ice Form                 Ice/Tmut       6%         N/A       71%         4


Dungeon Overview and Level Annotations

Branches:
Dungeon (5/15)             Temple (1/1) D:4

Altars:
Gozag
Hepliaklqana
Vehumet

Annotations:
D:1 1 transporter
D:5 3 runed translucent doors, Edmund


Innate Abilities, Weirdness & Mutations

One of your tentacles has grown a beastly spike.
You cannot wear most types of armour.
You are amphibious.
You can wear up to eight rings at the same time.
Your skin changes colour to match your surroundings (Stealth+).
Your rubbery body absorbs attacks. (AC +1, EV +1)
((You are camouflaged when in or above water. (Stealth+)))
You have tentacles for arms and can constrict up to eight enemies at once.


Message History

Edmund the Younger comes into view.
He is wielding a +2 flail of protection.
Your Stealth skill increases to level 4!
There is an open door here.
You howl as the wereblood boils in your veins!
Your tentacle spike disappears.
You howl as the wereblood boils in your veins!
There is an open door here.
You howl as the wereblood boils in your veins!
Your primal bloodlust has ended.
There is an open door here.
There is an opulent altar of Gozag here.
There is an open door here.
You start resting.
Edmund is nearby!
Okay, then.
You open the door.
Edmund hits you with a +2 flail of protection!
Found a ring mail.
Okay, then.
You feel better.
Edmund hits you with a +2 flail of protection.
Casting: Beastly Appendage (safe; 6% risk of failure)
Press: ? - help, Q - select action, (/) - cycle Dir - look around, f - activate One of your tentacles grows a vicious spike.
Edmund hits you with a +2 flail of protection!
You hit Edmund but do no damage. You grab Edmund.
You squeeze Edmund, but do no damage. You constrict Edmund, but do no damage.
Edmund closely misses you.
Edmund hits you with a +2 flail of protection.
You hit Edmund. You squeeze Edmund, but do no damage.
Edmund is lightly wounded.
You constrict Edmund, but do no damage.
Edmund hits you with a +2 flail of protection!
* * * LOW HITPOINT WARNING * * *
You hit Edmund but do no damage.
You pierce Edmund.
You squeeze Edmund, but do no damage.
Edmund is lightly wounded.
You constrict Edmund, but do no damage.
Edmund hits you with a +2 flail of protection!
You die...

#.....#.....#
+##'##+##+##+
#..#....[#..#
#..#'###+#..#
#..#.....#..#
+..+.._..+..+
#..#.....#..##.....#
#..#+###@#..##.....###
#..#...@.#..#..........
+##'##'##+........ ..
..#.....#......# #.
...[#.....#......# ##.
##+# +##'###....### #..
#.#...........# #..
#.....).....#.# #..
###.........#+###..
....######......#..


You could see Edmund.

Vanquished Creatures
  Sigmund (D:2)
  Menkaure (D:5)
  A black bear (D:4)
  2 necrophages (D:4)
  An iguana (D:5)
  3 gnolls (D:4)
  2 adders
  A shadow imp (D:5)
  A worm (D:4)
  5 orcs
  7 endoplasms
  4 giant cockroaches
  4 goblins
  4 hobgoblins
  6 quokkas
  7 ball pythons
  4 bats (D:1)
  A frilled lizard (D:1)
  6 kobolds
  3 rats (D:2)
  A butterfly (D:4)
65 creatures vanquished.

Notes
Turn   | Place    | Note
-------+----------+-------------------------------------------
     0 | D:1      | Newt the Octopode Transmuter began the quest for the Orb.
     0 | D:1      | Reached XP level 1. HP: 13/13 MP: 3/3
   263 | D:1      | Reached XP level 2. HP: 17/18 MP: 5/5
   499 | D:1      | Learned a level 2 spell: Wereblood
   887 | D:1      | Reached XP level 3. HP: 12/23 MP: 6/6
  1282 | D:2      | Noticed Sigmund
  1292 | D:2      | Killed Sigmund
  1293 | D:2      | Reached skill level 4 in Unarmed Combat
  1293 | D:2      | Reached XP level 4. HP: 22/28 MP: 3/7
  1293 | D:2      | Reached XP level 5. HP: 26/33 MP: 3/8
  1511 | D:2      | You fall into a shaft and drop 2 floors!
  1545 | D:4      | Reached skill level 5 in Unarmed Combat
  1545 | D:4      | Reached XP level 6. HP: 10/38 MP: 7/9
  2126 | D:4      | Found a staircase to the Ecumenical Temple.
  2138 | Temple   | Entered the Ecumenical Temple
  2147 | Temple   | Became a worshipper of Hepliaklqana the Forgotten
  2345 | D:4      | Identified the +4 mace "Wieh" {vorpal, rF+}
  2387 | D:4      | Noticed a black bear
  2395 | D:4      | Killed a black bear
  2396 | D:4      | Reached XP level 7. HP: 28/44 MP: 11/11
  2422 | D:5      | Entered Level 5 of the Dungeon
  2698 | D:5      | Found a runed translucent gate.
  2698 | D:5      | Found a runed translucent gate.
  2699 | D:5      | Found a runed translucent gate.
  2732 | D:5      | Found an opulent altar of Gozag.
  2741 | D:5      | Noticed Menkaure
  2746 | D:5      | Killed Menkaure
  2747 | D:5      | Reached skill level 1 in Maces & Flails
  2755 | D:5      | Noticed Edmund
  2780 | D:5      | Slain by Edmund

Illustrated notes

Levels and vault maps discovered:
D:1:      spicycebolla_arrival_risky_transporter, layout_loops_ring,
          minmay_misc_feat_hallway, minmay_misc_feat_enclosed
D:2:      layout_rooms, ebering_ecumenical_altar_rust, uniq_sigmund
D:4:      layout_cave_pools, minmay_temple_entry_butterflies,
          amcnicky_mini_pool_small
D:5:      layout_basic, mainiacjoe_overflow_brackets,
          mainiacjoe_overflow_24_doors, ebering_ghost_rock_garden, uniq_pikel,
          uniq_menkaure, uniq_edmund
Temple:   nicolae_temple_bog_church

Skill      XL: |  1  2  3  4  5  6  7 |
---------------+----------------------+-----
Stealth        | 2 3 4 |  4.0
Unarmed Combat | 4 5 |  5.7
Dodging        | 3 |  3.4
Spellcasting   | 3 |  3.1
Maces & Flails | 1 |  1.6
Fighting       | |  1.9
Transmutations | |  2.9

Action                   |  1- 3 |  4- 6 |  7- 9 || total
-------------------------+-------+-------+-------++-------
Melee: Unarmed           |    65 |    65 |       ||   130
       Constrict         |    23 |    22 |     6 ||    51
       Tentacles         |    13 |    16 |     8 ||    37
       Punch             |     5 |     4 |       ||     9
       Kick              |     3 |    15 |     4 ||    22
       Mace              |       |     3 |    19 ||    22
 Cast: Beastly Appendage |     1 |     6 |     2 ||     9
       Wereblood         |     1 |     4 |     1 ||     6
  Use: Scroll            |       |     3 |       ||     3
       Potion            |       |       |     1 ||     1
 Stab: Sleeping          |     3 |     5 |     1 ||     9
Armor: Skin              |     7 |       |       ||     7
Dodge: Dodged            |    38 |    33 |    15 ||    86

Table legend: (Time is in decaauts)
 A = Elapsed time spent in this place.
 B = Non-inter-level travel time spent in this place.
 C = Inter-level travel time spent in this place.
 D = Time resting spent in this place.
 E = Time spent auto-exploring this place.
 F = Levels seen in this place.
 G = Mean time per level.
                   A        B        C        D        E       F      G
               +--------+--------+--------+--------+--------+-----+--------+
         Total |   2776 |   2751 |     25 |    642 |   1598 |   5 |  555.2 |
       Dungeon |   2761 |   2736 |     25 |    642 |   1598 |   4 |  690.2 |
        Temple |     14 |     14 |      0 |      0 |      0 |   1 |   14.0 |
               +--------+--------+--------+--------+--------+-----+--------+

Top non-repeatable levels by time:
     D:1: 1263 daAuts
     D:4: 891 daAuts
     D:5: 364 daAuts
     D:2: 242 daAuts
  Temple: 14 daAuts
